Map: Dusk Towers

Players

LilDicky

  • Race: Terran Terran
  • League: Diamond

ODiN - Winner!

  • Race: Zerg Zerg
  • League: Diamond

VOD

http://www.twitch.tv/tumescentpie

Description

Time

  • Played on: Jan. 2, 2016, 9:41 a.m.
  • Length: 22:49
Show
View Real Time Build Order
Export as new Build Order

LilDicky Terran 

Build Orders: Command Center First (CC) 

Get SALT Encoding   

  12  0:01  SCV  
  13  0:13  SCV  
  14  0:17  Supply Depot  
  14  0:25  SCV  
  15  0:39  SCV  
  16  0:51  SCV  
  17  1:02  Command Center  
  17  1:05  SCV  
  18  1:17  Barracks  
  18  1:20  SCV  
  19  1:33  SCV  
  20  1:45  SCV  
  21  1:57  SCV  
  22  2:05  Supply Depot, Marine  
  23  2:09  Orbital Command  
  23  2:14  Orbital Command  
  23  2:24  Refinery  
  23  2:25  Refinery, Marine  
  24  2:39  SCV  
  24  2:40  SCV  
  24  2:43  Marine  
  27  2:48  Command Center  
  27  2:53  SCV x2  
  29  3:01  Marine  
  30  3:06  SCV  
  30  3:07  SCV  
  30  3:12  Refinery x2  
  32  3:18  SCV, Marine  
  32  3:19  SCV  
  35  3:30  SCV  
  37  3:34  SCV  
  37  3:36  Marine  
  38  3:42  SCV  
  40  3:48  SCV  
  40  3:53  Factory  
  40  3:54  SCV  
  41  3:59  Command Center, Engineering Bay  
  41  4:00  SCV  
  41  4:02  Marine  
  43  4:07  SCV  
  44  4:12  SCV  
  45  4:19  SCV  
  45  4:20  Marine  
  47  4:27  SCV  
  49  4:32  Planetary Fortress  
  49  4:36  Factory Tech Lab  
  49  4:38  SCV  
  49  4:39  Starport, Marine  
  49  4:40  SCV  
  51  4:48  Bunker  
  51  4:50  SCV  
  51  4:52  SCV  
  53  5:02  SCV  
  53  5:04  SCV  
  55  5:12  SCV  
  56  5:14  SCV, Refinery  
  56  5:15  Orbital Command  
  56  5:16  Refinery, Starport Reactor  
  56  5:19  Viking  
  56  5:20  Marine  
  56  5:21  Siege Tank  
  63  5:25  SCV x2  
  65  5:38  Marine  
  65  5:40  SCV  
  65  5:41  Supply Depot, SCV  
  68  5:47  SCV x2  
  70  5:50  Starport x3  
  70  5:52  SCV  
  70  5:53  SCV, Siege Tank  
  75  6:00  SCV  
  75  6:02  SCV, Viking  
  79  6:09  SCV  
  79  6:10  SCV  
  81  6:12  SCV  
  81  6:15  Supply Depot  
  82  6:19  Missile Turret  
  82  6:20  Missile Turret x2  
  82  6:25  SCV x2  
  84  6:29  Missile Turret  
  84  6:31  Starport Tech Lab  
  84  6:32  Starport Reactor, Starport Tech Lab  
  84  6:33  Starport Reactor  
  84  6:36  Siege Tank  
  87  6:46  SCV  
  88  6:50  Armory  
  88  6:54  Armory  
  88  6:57  Missile Turret  
  88  6:59  Missile Turret  
  88  7:00  SCV x3  
  91  7:02  Fusion Core  
  91  7:07  Command Center  
  91  7:09  SCV  
  91  7:11  Missile Turret  
  92  7:20  Supply Depot x2  
  92  7:21  Supply Depot  
  92  7:25  Liberator x4  
  92  7:27  Cloaking Field  
  92  7:36  Supply Depot  
  92  7:38  Supply Depot  
  92  7:39  Supply Depot  
  92  7:42  Banshee x2, Siege Tank, SCV x3  
  116  7:50  Refinery  
  116  7:53  Advanced Ballistics  
  116  7:58  Refinery  
  103  8:14  Siege Tank  
  103  8:19  Terran Vehicle And Ship Armor Level 1, Terran Ship Weapons Level 1  
  106  8:25  Banshee  
  103  8:27  SCV x4  
  104  8:35  Missile Turret  
  104  8:37  Missile Turret  
  104  8:39  SCV x2  
  106  8:43  SCV x2  
  106  8:46  Planetary Fortress, Siege Tank, Missile Turret  
  111  8:51  SCV, Bunker  
  112  9:02  Missile Turret, Liberator  
  112  9:03  Liberator x5  
  112  9:08  Supply Depot  
  112  9:13  Hi-Sec Auto Tracking  
  112  9:16  Missile Turret  
  112  9:17  Missile Turret x2  
  112  9:18  Siege Tank  
  133  9:31  Missile Turret  
  133  9:45  Missile Turret  
  133  9:47  Missile Turret  
  133  9:51  Missile Turret  
  133  9:56  Liberator x4  
  133  9:58  Command Center  
  133  10:04  Supply Depot  
  133  10:06  Missile Turret  
  133  10:07  Missile Turret  
  133  10:09  Missile Turret  
  133  10:11  Hyperflight Rotors  
  133  10:12  Banshee  
  133  10:13  Banshee  
  151  10:31  Missile Turret  
  151  10:32  Missile Turret x3  
  151  10:33  Supply Depot  
  151  10:34  Command Center, SCV  
  151  10:35  Missile Turret  
  152  10:53  Siege Tank  
  155  11:02  Missile Turret  
  155  11:03  Missile Turret  
  155  11:07  Missile Turret  
  155  11:10  Missile Turret  
  155  11:17  Missile Turret, Liberator x3  
  155  11:18  Liberator  
  149  11:30  Banshee x2  
  164  11:42  Planetary Fortress  
  164  11:51  Planetary Fortress  
  161  12:00  Command Center, Liberator  
  155  12:13  Banshee, Battlecruiser  
  158  13:10  Liberator x2  
  158  13:11  Liberator  
  155  13:22  Liberator  
  155  13:27  Banshee x2  
  138  13:41  Siege Tank  
  138  13:51  Terran Ship Weapons Level 2, Terran Vehicle And Ship Armor Level 2  
  138  13:52  Starport, Liberator  
  138  13:53  Starport x2, Weapon Refit  
  138  13:54  Starport  
  138  13:58  Missile Turret  
  138  13:59  Missile Turret  
  138  14:05  Barracks x3  
  138  14:07  Barracks  
  138  14:08  Barracks  
  138  14:13  Marine  
  130  14:30  Marine  
  103  14:38  Viking x5  
  105  14:48  Marine  
  106  14:52  Viking  
  108  15:00  Viking x4  
  108  15:06  Marine  
  117  15:08  Viking x5  
  127  15:22  Viking  
  127  15:24  Marine  
  130  15:30  Viking  
  115  15:51  Command Center  
  115  15:55  Planetary Fortress  
  103  15:59  Marine  
  103  16:00  Marine x5  
  93  16:09  Missile Turret  
  93  16:10  Battlecruiser, Viking x3, Missile Turret  
  93  16:11  Battlecruiser, Viking x2, Missile Turret x3  
  113  16:12  Missile Turret  
  113  16:13  Viking  
  113  16:17  Refinery, Marine x6  
  121  16:18  Refinery  
  121  16:27  Missile Turret  
  121  16:28  Missile Turret  
  121  16:29  Missile Turret  
  121  16:35  Marine x6  
  126  16:41  Terran Vehicle And Ship Armor Level 3  
  125  16:49  Command Center  
  125  16:51  Liberator x2  
  125  16:52  Marine  
  125  16:53  Marine x5  
  127  17:00  Refinery  
  96  17:10  Marine  
  96  17:11  Marine x5  
  89  17:28  Marine  
  89  17:29  Marine x5  
  85  17:43  Viking x3  
  85  17:44  Viking  
  93  17:46  Refinery, Marine x5  
  93  17:47  Marine  
  93  17:48  Refinery  
  99  18:04  Marine x6  
  105  18:15  Refinery  
  105  18:20  Planetary Fortress  
  105  18:21  Marine  
  105  18:22  Marine x2  
  105  18:25  Command Center  
  108  18:28  Refinery  
  108  18:29  Missile Turret  
  108  18:30  Missile Turret x3  
  108  18:32  Refinery  
  108  18:37  Planetary Fortress  
  108  18:39  Viking  
  110  18:42  Barracks Tech Lab x2  
  110  18:43  Missile Turret x2  
  110  18:44  Barracks Reactor  
  110  18:45  Barracks Reactor  
  110  19:01  Barracks Reactor  
  110  19:05  Barracks Reactor  
  74  19:39  Viking x7  
  74  19:40  Viking x3  
  74  19:44  Marine x4  
  79  19:58  Marine x5  
  82  20:09  Viking  
  84  20:20  Marine x2  
  84  20:21  Marine x3  
  85  20:37  Marine x2  
  85  20:39  Refinery  
  60  21:41  Viking x2  
  60  21:42  Viking x5  
  56  22:01  Viking  
  57  22:17  Viking  
  51  22:26  Marine x2  
  51  22:27  Marine  
  51  22:28  Marine  
Show
View Real Time Build Order
Export as new Build Order

ODiN Zerg - Winner!

Build Orders: Hatch First, Muta Ling Bane 

Get SALT Encoding   

  12  0:01  Drone  
  13  0:08  Drone  
  14  0:17  Overlord  
  14  0:23  Drone, Extractor  
  15  0:40  Drone x2  
  17  0:47  Drone  
  18  0:57  Hatchery  
  18  1:01  Drone  
  18  1:08  Drone  
  19  1:18  Spawning Pool  
  19  1:22  Extractor  
  17  1:31  Drone x2  
  19  1:42  Drone  
  20  1:59  Hatchery  
  19  2:01  Drone  
  19  2:02  Drone  
  21  2:09  Queen  
  23  2:19  Queen  
  25  2:26  Overlord  
  25  2:29  Drone  
  26  2:32  Drone  
  27  2:37  Drone  
  27  2:40  Overlord  
  28  2:48  Queen  
  30  2:51  Drone  
  31  3:00  Queen  
  31  3:01  Drone  
  34  3:07  Drone x3  
  34  3:12  Drone  
  38  3:13  Drone  
  39  3:28  Drone x5  
  39  3:30  Extractor  
  39  3:31  Extractor  
  42  3:43  Drone x6  
  42  3:45  Overlord  
  48  3:57  Lair  
  48  4:04  Drone x3  
  48  4:05  Drone, Extractor  
  48  4:09  Overlord  
  51  4:11  Drone  
  51  4:14  Metabolic Boost  
  52  4:18  Drone x5  
  52  4:21  Zergling x2  
  58  4:37  Baneling Nest  
  57  4:39  Drone x9  
  57  4:43  Extractor  
  57  4:44  Extractor  
  64  5:04  Overseer  
  64  5:16  Drone  
  64  5:17  Drone  
  64  5:18  Overlord x3  
  66  5:33  Hatchery  
  66  5:35  Drone  
  66  5:36  Overlord x2  
  66  5:40  Centrifical Hooks  
  65  5:49  Drone x12, Spire  
  77  5:50  Drone  
  77  6:01  Extractor  
  77  6:04  Extractor  
  75  6:11  Drone x11  
  86  6:16  Queen  
  88  6:19  Overlord  
  88  6:20  Hatchery  
  88  6:25  Overlord x2  
  87  6:33  Zergling x12  
  87  6:39  Overlord x2  
  93  6:40  Spore Crawler x2  
  93  6:46  Zergling x2  
  92  6:47  Zergling x10  
  97  7:02  Mutalisk  
  97  7:03  Mutalisk x4  
  97  7:07  Evolution Chamber, Mutalisk x3  
  97  7:08  Mutalisk x3  
  112  7:09  Evolution Chamber  
  117  7:27  Queen  
  119  7:35  Zerg Flyer Weapons Level 1  
  119  7:36  Hatchery, Mutalisk  
  118  7:37  Mutalisk x3  
  118  7:39  Overlord x4  
  126  7:44  Baneling  
  126  7:45  Baneling x10  
  126  7:53  Overlord x2  
  126  8:09  Mutalisk x2  
  126  8:10  Mutalisk x6  
  134  8:42  Infestation Pit  
  134  8:47  Zergling x22  
  134  8:48  Zergling x10  
  149  8:53  Queen  
  151  9:15  Overlord x3  
  151  9:23  Hive  
  151  9:24  Zergling x2  
  151  9:25  Zergling x38  
  151  9:26  Zergling x12  
  175  9:58  Zerg Melee Weapons Level 1  
  175  9:59  Zerg Ground Armor Level 1  
  175  10:08  Corruptor x11  
  175  10:09  Corruptor  
  195  10:38  Greater Spire  
  193  10:43  Pneumatized Carapace  
  193  10:45  Overseer x6  
  191  11:22  Spore Crawler  
  190  11:26  Ultralisk Cavern  
  190  11:31  Adrenal Glands  
  189  11:45  Overlord x4  
  189  11:48  Corruptor x2  
  189  11:49  Corruptor  
  167  11:55  Zerg Flyer Weapons Level 2  
  167  11:59  Brood Lord x3  
  168  12:04  Infestor x2  
  168  12:06  Viper x4  
  168  12:08  Viper x2  
  184  12:10  Infestor x2  
  143  12:39  Corruptor x12  
  164  12:48  Infestor  
  149  13:08  Corruptor  
  149  13:09  Corruptor x5  
  152  13:42  Ultralisk  
  152  13:43  Ultralisk x2  
  170  13:52  Brood Lord  
  172  14:03  Hatchery  
  173  14:10  Brood Lord x2  
  173  14:12  Brood Lord  
  159  14:34  Brood Lord  
  159  14:35  Brood Lord  
  163  14:48  Lair  
  159  14:57  Brood Lord  
  159  15:01  Zergling x6  
  159  15:02  Zergling x30  
  159  15:04  Queen  
  159  15:05  Queen  
  181  15:11  Zerg Flyer Weapons Level 3  
  165  15:47  Corruptor x7  
  165  15:48  Corruptor  
  156  16:09  Corruptor x3  
  162  16:12  Drone x10  
  162  16:13  Drone x6  
  178  16:36  Corruptor x3  
  138  17:35  Corruptor x4  
  140  17:37  Zergling x2  
  140  17:38  Zergling x24  
  153  17:50  Drone x5  
  158  18:12  Extractor x2  
  156  18:17  Zerg Flyer Armor Level 1  
  156  18:18  Spore Crawler  
  156  18:19  Spore Crawler x2  
  153  18:20  Spore Crawler  
  153  18:21  Hatchery, Spore Crawler  
  153  18:26  Mutalisk  
  152  18:58  Corruptor  
  152  18:59  Corruptor x2  
  141  19:48  Corruptor x3  
  147  20:07  Extractor  
  147  20:10  Extractor  
  145  20:18  Corruptor x2  
  145  20:20  Zergling x2  
  145  20:21  Zergling x30  
  153  20:22  Zergling x8  
  143  20:52  Zergling x2  
  143  20:53  Ultralisk x2  
  143  20:56  Queen  
  150  21:16  Baneling  
  150  21:17  Baneling x11  
  150  21:18  Baneling  
  149  21:52  Corruptor x4  
  157  22:03  Zergling x2  
  157  22:04  Zergling x38  
  184  22:42  Hatchery  
Tags
 
Add a new tag
Caveats
  • Supply blocks, unpowered buildings, or Contaminate may cause inaccurate times.
  • Supply counts are checked every 10 seconds.